 Dungeon Crawl Stone Soup version 0.22-a0-284-g99d1f7439c (webtiles) character file.

147 Infinimo the Slasher (level 5, -1/57 HPs)
             Began as a Merfolk Gladiator on Mar 21, 2018.
             Succumbed to an orc's poison
             ... on level 3 of the Dungeon.
             The game lasted 00:03:43 (2136 turns).

Infinimo the Slasher (Merfolk Gladiator)            Turns: 2136, Time: 00:03:44

Health: -1/57      AC: 25    Str: 15    XL:     5   Next: 29%
Magic:  5/5        EV:  2    Int:  8    God:
Gold:   138        SH:  8    Dex: 15    Spells: 4/4 levels left

rFire    . . .     SeeInvis +   a - +0 long sword
rCold    . . .     Gourm    .   h - +0 shield {AC+3}
rNeg     + + +     Faith    .   (armour currently unavailable)
rPois    +         Spirit   .   (helmet currently unavailable)
rElec    .         Reflect  .   (cloak currently unavailable)
rCorr    .         Harm     .   (gloves currently unavailable)
MR       +....     NoTele   +   (boots currently unavailable)
Stlth    +.........             (no amulet)
HPRegen  0.19/turn              m - ring of protection from magic
MPRegen  0.09/turn              o - ring of see invisible

@: lethally poisoned (-1 -> -16), tree-form
A: (change form in water), (swift swim), (stealthy swim)
a: no special abilities


You were on level 3 of the Dungeon.
You were not hungry.
You were a tree.
You visited 1 branch of the dungeon, and saw 3 of its levels.

You collected 138 gold pieces.

Inventory:

Hand Weapons
 a - a +0 long sword (weapon)
Missiles
 d - 5 throwing nets (quivered)
Armour
 b - a +1 leather armour
 c - a +0 helmet (melded)
 h - a +0 shield of protection (worn)
 i - a +0 pair of gloves (melded)
 r - a cursed +0 robe (melded)
Jewellery
 m - a ring of protection from magic (left branch)
 o - a ring of see invisible (right branch)
Scrolls
 g - 2 scrolls of magic mapping
 l - 3 scrolls of identify
 n - a scroll of teleportation
 p - a scroll of enchant armour
Potions
 e - 3 potions of flight
 k - a potion of lignification
 q - a potion of agility
Comestibles
 f - 6 rations
 j - a chunk of flesh


   Skills:
 - Level 2.1 Fighting
 * Level 5.5 Long Blades
 - Level 2.0 Throwing
 - Level 4.0 Dodging
 + Level 2.5 Shields


You had 4 spell levels left.
You didn't know any spells.

Dungeon Overview and Level Annotations

Branches:
Dungeon (3/15)

Altars:


Message History

You feel very sick. You block the orc's attack.
The orc is almost dead.
* * * LOW HITPOINT WARNING * * *
You feel very sick. You block the orc's attack. x2
The orc is almost dead.
* * * LOW HITPOINT WARNING * * *
You feel sick. You block the orc's attack. x2
Okay, then.
Unknown command.
The orc is almost dead.
* * * LOW HITPOINT WARNING * * *
You feel sick. You block the orc's attack.
You kill the orc!
* * * LOW HITPOINT WARNING * * *
You feel sick. You block the orc's attack.
You cannot move.
You cannot move.
You die...

###.##.####.#......#.######
#.##.#.##.#.####.#......#
###.#....##.#......#.####.##
....#.##.##.#..###.#........
.........##.#...........#.####
...##.#####.#.....##.##.# .....
.............<............ .....
...##.#########)o.##.##.#..#....
...##.# #.♣.##.# .#..#.#.##
...##.#### .#...##.. .........#
#####.##.. #.#...###. ....#.#..#
#####.##.# .. #...##### #.......
......##.# .###...)...# ###....#
########.#....#....##.# ###.##
...#####)#..#.#..#.##.######.....
....#.#.#.#.#.#.#.#.#.#.#.#..#.#.
...#(#.#<#.#.#.#.#.#.#.#.#.#.#.#.


You could see an orc.

Vanquished Creatures
  Jessica (D:2)
  3 gnolls (D:3)
  2 adders (D:2)
  An ooze (D:2)
  4 worms
  A leopard gecko (D:2)
  4 orcs
  2 giant cockroaches
  8 hobgoblins
  2 ball pythons
  9 bats
  5 frilled lizards
  7 goblins
  6 kobolds
  2 rats
57 creatures vanquished.

Notes
Turn   | Place    | Note
-------+----------+-------------------------------------------
     0 | D:1      | Infinimo the Merfolk Gladiator began the quest for the Orb.
     0 | D:1      | Reached XP level 1. HP: 16/16 MP: 1/1
   181 | D:1      | Reached XP level 2. HP: 22/22 MP: 2/2
   489 | D:1      | Reached skill level 4 in Long Blades
   489 | D:1      | Reached skill level 1 in Shields
   550 | D:2      | Reached XP level 3. HP: 21/27 MP: 3/3
   883 | D:2      | Noticed Jessica
   892 | D:2      | Killed Jessica
   892 | D:2      | Reached XP level 4. HP: 33/33 MP: 4/4
   899 | D:2      | Reached skill level 5 in Long Blades
  1691 | D:2      | Reached XP level 5. HP: 33/38 MP: 5/5
  2134 | D:3      | HP: 2/57 [poisoned by an orc]
  2136 | D:3      | Succumbed to an orc's poison

Vault maps used:
D:1:      minmay_arrival_checkered_box
D:2:      minmay_crystal_water, uniq_jessica
D:3:      kennysheep_generic_room_2

Skill      XL: |  1  2  3  4 |
---------------+-------------+-----
Long Blades    | 4 5 |  5.5
Shields        | 1 2 |  2.5
Fighting       | |  2.1
Throwing       | |  2.0
Dodging        | |  4.0

Action                   |  1- 3 |  4- 6 || total
-------------------------+-------+-------++-------
Melee: Long sword        |    93 |   108 ||   201
  Use: Scroll            |       |     7 ||     7
       Potion            |       |     1 ||     1
 Stab: Sleeping          |     1 |     1 ||     2
  Eat: Chunk             |       |     4 ||     4
Armor: Leather armour    |    32 |       ||    32
       Robe              |       |    28 ||    28
       Skin              |       |     4 ||     4
Dodge: Dodged            |    52 |    55 ||   107
Block: Shield            |    42 |    51 ||    93
       Rpst.: Long sword |    16 |    18 ||    34

Table legend:
 A = Spawn XP
 B = Non-spawn XP
 C = Spawn XP percentage of total XP
 D = Spawn monster count
 E = Non-spawn monster count
 F = Spawn count percentage of total count
 G = Total turns spent on level
                    A         B        C        D         E        F      G
               +---------+---------+-------+---------+---------+-------+---------
         Total |       0 |     210 |   0.0 |       0 |      57 |   0.0 |  2136
               +---------+---------+-------+---------+---------+-------+---------
           D:1 |       0 |      24 |   0.0 |       0 |      15 |   0.0 |   520
           D:2 |       0 |     121 |   0.0 |       0 |      29 |   0.0 |  1050
           D:3 |       0 |      65 |   0.0 |       0 |      13 |   0.0 |   566
               +---------+---------+-------+---------+---------+-------+---------
